 Dungeon Crawl Stone Soup version 0.28.0-53-g5a82cb258f (webtiles) character file.

Game seed: 1404832154379147474

24 H0rd4k the Charlatan (level 3, 0/26 HPs)
             Began as a Human Artificer on July 4, 2022.
             Slain by a gnoll
             ... wielding a +2 vorpal spear
              (1 damage)
             ... on level 2 of the Dungeon.
             The game lasted 00:01:01 (1652 turns).

H0rd4k the Charlatan (Human Artificer)              Turns: 1652, Time: 00:01:02

Health: 0/26       AC:  3    Str: 12    XL:     3   Next: 15%
Magic:  3/3        EV: 11    Int: 13    God:
Gold:   37         SH:  0    Dex: 13    Spells: 2/2 levels left

rFire   . . .      SeeInvis .   a - +0 club
rCold   . . .      Faith    .   (no shield)
rNeg    . . .      Spirit   .   b - +0 leather armour
rPois   .          Reflect  .   (no helmet)
rElec   .          Harm     .   (no cloak)
rCorr   .          Rampage  .   (no gloves)
Will    .....                   (no boots)
Stlth   +.........              (no amulet)
HPRegen 0.08/turn               (no ring)
MPRegen 0.08/turn               (no ring)

@: no status effects
A: no striking features
a: no special abilities


You were on level 2 of the Dungeon.
You visited 1 branch of the dungeon, and saw 2 of its levels.

You collected 37 gold pieces.

Inventory:

Hand Weapons
 a - a +0 club (weapon)
Armour
 b - a +0 leather armour (worn)
Wands
 c - a wand of flame (15) (quivered)
 d - a wand of charming (13)
Scrolls
 f - a scroll of vulnerability {unknown}
Potions
 g - 2 potions of haste {unknown}
Miscellaneous
 e - a piece from Xom's chessboard (15/15)


   Skills:
 + Level 1.2 Fighting
 + Level 0.2 Maces & Flails
 - Level 2.0 Armour
 + Level 1.4 Dodging
 - Level 1.0 Stealth
 + Level 3.7 Evocations


You had 2 spell levels left.
You didn't know any spells.
Your spell library was empty.

Dungeon Overview and Level Annotations

Branches:
Dungeon (2/15)

Altars:


Message History

The hobgoblin shouts!
What are your orders? t - Shout!
Orders for allies: a - Attack new target. p - Attack previous target. r - Retreat! s - Stop attacking. g - Guard the area. f - Follow me.
Anything else - Cancel.
Guard this area!
Your gnoll hits the gnoll with a +0 flail!
The gnoll hits your gnoll with a +0 whip!
Your gnoll barely misses the gnoll.
You see here a frilled lizard corpse.
The hobgoblin hits you.
You barely miss the hobgoblin. The hobgoblin closely misses you.
You hit the hobgoblin.
The hobgoblin is severely wounded.
The hobgoblin hits you but does no damage.
You closely miss the hobgoblin.
The hobgoblin is severely wounded.
The hobgoblin hits you but does no damage.
You barely miss the hobgoblin.
The hobgoblin is severely wounded.
The hobgoblin closely misses you. The hobgoblin misses you.
You hit the hobgoblin but do no damage.
The hobgoblin is severely wounded.
The hobgoblin barely misses you.
You hit the hobgoblin.
You kill the hobgoblin!
The gnoll hits you with a +0 whip.
You closely miss the gnoll.
The gnoll is severely wounded.
The gnoll closely misses you.
The gnoll hits you from afar with a +2 vorpal spear.
You hit the gnoll.
The gnoll is almost dead.
The gnoll hits you with a +0 whip!
* * * LOW HITPOINT WARNING * * *
The gnoll hits you from afar with a +2 vorpal spear.
* * * LOW HITPOINT WARNING * * *
You die...

#.# #.######
#......#
######.# #.# #.#
#.# #.# #@# #g#
#g# . #g#
....####.#####.
...ggg.....g...#
....############
.


You could see 3 gnolls.

Vanquished Creatures
  A bat (D:1)
  An endoplasm (D:1)
  A giant cockroach (D:1)
  3 goblins (D:1)
  2 hobgoblins
  A kobold (D:1)
  2 quokkas (D:1)
  3 ball pythons
  3 frilled lizards
  2 rats (D:1)
19 creatures vanquished.

Vanquished Creatures (collateral kills)
  3 ball pythons (D:1)
  A goblin (D:1)
4 creatures vanquished.

Vanquished Creatures (others)
  A gnoll (D:2)
  2 fungi (D:1)
  A plant (D:1)
4 creatures vanquished.

Grand Total: 27 creatures vanquished

Notes
Turn   | Place    | Note
-------+----------+-------------------------------------------
     0 | D:1      | H0rd4k the Human Artificer began the quest for the Orb.
     0 | D:1      | Reached XP level 1. HP: 15/15 MP: 1/1
   453 | D:1      | Reached XP level 2. HP: 5/21 MP: 2/2
   808 | D:1      | Found a faded altar of an unknown god.
  1169 | D:1      | Reached XP level 3. HP: 21/26 MP: 3/3
  1652 | D:2      | HP: 1/26 [gnoll/+2 vorpal spear (4)]
  1652 | D:2      | Slain by a gnoll

Illustrated notes

Levels and vault maps discovered:
D:1:      dpeg_arrival_simpleton_b, layout_loops_ring,
          dreamdust_ecumenical_altar_grove, kennysheep_flooded_box
D:2:      layout_loops_ring, uniq_terence

Action                   || total
-------------------------++-------
Melee: Club              ||    95
       Punch             ||     1
Evoke: Wand              ||     2
Armor: Leather armour    ||    30
Dodge: Dodged            ||    64
